 Dungeon Crawl Stone Soup version 0.28.0 (webtiles) character file.

Game seed: 10211390962279494045

43 mkm the Digger (level 3, -2/19 HPs)
             Began as a Gargoyle Earth Elementalist on Feb 10, 2022.
             Slain by an iguana (6 damage)
             ... on level 2 of the Dungeon.
             The game lasted 00:07:30 (1180 turns).

mkm the Digger (Gargoyle Earth Elementalist)        Turns: 1180, Time: 00:07:31

Health: -2/19      AC:  5    Str: 11    XL:     3   Next: 58%
Magic:  7/7        EV: 11    Int: 17    God:
Gold:   34         SH:  0    Dex: 10    Spells: 3/7 levels left

rFire   . . .      SeeInvis .   h - +0 whip
rCold   . . .      Faith    .   (no shield)
rNeg    + . .      Spirit   .   b - +0 robe
rPois   ∞          Reflect  .   (no helmet)
rElec   +          Harm     .   (no cloak)
rCorr   .          Rampage  .   (no gloves)
Will    .....                   (no boots)
Stlth   ++........              (no amulet)
HPRegen 0.06/turn               (no ring)
MPRegen 0.10/turn               (no ring)

@: no status effects
A: sickness immunity, AC +3, negative energy resistance 1, electricity
resistance, torment resistance 1, petrification resistance
a: no special abilities


You were on level 2 of the Dungeon.
You visited 1 branch of the dungeon, and saw 2 of its levels.

You collected 34 gold pieces.

Inventory:

Hand Weapons
 h - a +0 whip (weapon)
Missiles
 c - 44 stones
Armour
 b - a +0 robe (worn)
Scrolls
 a - a scroll of enchant weapon {unknown}
 d - 2 scrolls of enchant armour {unknown}
 i - a scroll of teleportation {unknown}
Potions
 e - a potion of experience {unknown}
 f - a potion of curing {unknown}
 g - a potion of invisibility {unknown}


   Skills:
 - Level 1.5 Dodging
 - Level 2.1 Stealth
 + Level 2.9 Spellcasting
 - Level 0.7 Transmutations
 + Level 4.6 Earth Magic


You had 3 spell levels left.
You knew the following spells:

 Your Spells              Type           Power      Damage    Failure   Level
a - Sandblast             Erth           36%        2d10      2%          1
b - Stone Arrow           Conj/Erth      20%        3d8       21%         3

Your spell library contained the following spells:

 Spells                   Type           Power      Damage    Failure   Level
 Passwall                 Tmut/Erth      9%         N/A       9%          2
 Petrify                  Tmut/Erth      11%        N/A       52%         4


Dungeon Overview and Level Annotations

Branches:
Dungeon (2/15)

Altars:


Innate Abilities, Weirdness & Mutations

You are immune to sickness and miasma.
Your stone body is resilient. (AC +3)
You are immune to poison.
You resist negative energy. (rN+)
You are resistant to electric shocks. (rElec)
You are resistant to unholy torment.
You are immune to petrification.


Message History

Confirm with . or Enter, or press ? or * to list all spells.
Okay, then.
Search for what [? for help]? mace A quokka comes into view.
A goblin comes into view. It is wielding a +0 club.
The goblin hits you with a +0 club.
You miss the goblin. The goblin closely misses you.
You hit the goblin.
You kill the goblin!
A goblin comes into view. It is wielding a +0 club.
You open the door.
A dart slug comes into view.
An iguana comes into view.
There is an open door here.
The helpless dart slug fails to defend itself.
You hit the dart slug.
The dart slug is moderately wounded.
The dart slug barely misses you.
You hit the dart slug.
The dart slug is almost dead.
You hit the dart slug.
You kill the dart slug!
You see here a dart slug corpse.
The iguana hisses angrily.
You barely miss the iguana. The iguana closely misses you.
You hit the iguana.
The iguana is moderately wounded.
The iguana bites you.
You closely miss the iguana.
The iguana is moderately wounded.
The iguana bites you.
You barely miss the iguana.
The iguana is moderately wounded.
The iguana barely misses you.
You hit the iguana but do no damage.
The iguana is moderately wounded.
The iguana bites you!
* * * LOW HITPOINT WARNING * * *
The iguana bites you.
You die...

..# #.# #.# #.#
#.# #######.#
####### #.....#l#
#....<# #.....#@#
##.#######.....#†#
...............'.#
...............###
...............#
...............#
....#.####.....#
..#.#.# #.....#
###.#.# #.....#


You could see an iguana.

Vanquished Creatures
  5 dart slugs
  5 bats (D:1)
  3 endoplasms (D:1)
  2 giant cockroaches (D:1)
  2 hobgoblins (D:1)
  3 ball pythons (D:1)
  A frilled lizard (D:1)
  8 goblins
  A kobold (D:1)
  2 rats (D:1)
32 creatures vanquished.

Vanquished Creatures (others)
  A plant (D:1)
1 creature vanquished.

Grand Total: 33 creatures vanquished

Notes
Turn   | Place    | Note
-------+----------+-------------------------------------------
     0 | D:1      | mkm the Gargoyle Earth Elementalist began the quest for the
                  | Orb.
     0 | D:1      | Reached XP level 1. HP: 10/10 MP: 3/3
   175 | D:1      | Reached skill level 4 in Earth Magic
   175 | D:1      | Reached XP level 2. HP: 10/15 MP: 3/5
   404 | D:1      | Found a faded altar of an unknown god.
   497 | D:1      | Reached XP level 3. HP: 14/19 MP: 3/6
  1131 | D:2      | Learned a level 3 spell: Stone Arrow
  1180 | D:2      | Slain by an iguana

Illustrated notes

Levels and vault maps discovered:
D:1:      dpeg_arrival_windows_large_door, layout_loops_cross,
          shapermc_ecumenical_altar_acropolis
D:2:      minmay_inner_zag, layout_basic

Skill      XL: |  1 |
---------------+----+-----
Earth Magic    | 4 |  4.6
Dodging        | |  1.5
Stealth        | |  2.1
Spellcasting   | |  2.9
Transmutations | |  0.7

Action                   || total
-------------------------++-------
Melee: Dagger            ||    27
       Unarmed           ||     3
       Whip              ||    57
       Punch             ||     1
 Cast: Sandblast         ||    14
 Stab: Sleeping          ||     5
Armor: Robe              ||    38
Dodge: Dodged            ||    57
